 Dungeon Crawl Stone Soup version 0.27.1-34-g3ba077fa99 (webtiles) character file.

Game seed: 14564513000399015627

57 cbfl8 the Sneak (level 3, 0/33 HPs)
             Began as a Minotaur Delver on Jan 26, 2022.
             Succumbed to an adder's poison
             ... on level 3 of the Dungeon.
             The game lasted 00:02:10 (579 turns).

cbfl8 the Sneak (Minotaur Delver)                    Turns: 579, Time: 00:02:11

Health: 0/33       AC:  3    Str: 17    XL:     3   Next: 73%
Magic:  2/2        EV: 12    Int:  7    God:
Gold:   8          SH:  0    Dex: 11    Spells: 2/2 levels left

rFire    . . .     SeeInvis .   a - +0 hand axe
rCold    . . .     Faith    .   (no shield)
rNeg     . . .     Spirit   .   b - +0 leather armour
rPois    .         Reflect  .   (helmet restricted)
rElec    .         Harm     .   (no cloak)
rCorr    .         Rampage  .   (no gloves)
Will     .....                  (no boots)
Stlth    ++........             (no amulet)
HPRegen  0.11/turn              (no ring)
MPRegen  0.08/turn              (no ring)

@: lethally poisoned (0 -> -5)
A: horns 2, retaliatory headbutt
a: no special abilities


You were on level 3 of the Dungeon.
You visited 1 branch of the dungeon, and saw 3 of its levels.

You collected 8 gold pieces.

Inventory:

Hand Weapons
 a - a +0 hand axe (weapon)
Armour
 b - a +0 leather armour (worn)
 j - a +0 kite shield
Jewellery
 i - an amulet of faith
Wands
 g - a wand of digging (3)
Scrolls
 c - a scroll of fog
 d - a scroll of magic mapping
 e - 2 scrolls of fear
Potions
 f - a potion of haste


   Skills:
 + Level 3.8 Fighting
 + Level 2.8 Axes
 + Level 0.4 Armour
 + Level 2.4 Dodging
 + Level 5.0 Stealth


You had 2 spell levels left.
You didn't know any spells.
Your spell library contained the following spells:

 Spells                   Type           Power      Damage    Failure   Level
 Ensorcelled Hibernation  Hex/Ice        0%         N/A       63%         2
 Stone Arrow              Conj/Erth      0%         3d7       86%         3
 Spellforged Servitor     Conj/Summ      0%         N/A       100%        7


Dungeon Overview and Level Annotations

Branches:
Dungeon (5/15)
 Temple: D:4-7

Altars:
Nemelex Xobeh


Innate Abilities, Weirdness & Mutations

You have a pair of horns on your head.
You reflexively headbutt those who attack you in melee.


Message History

You barely miss the adder.
The adder is almost dead.
You feel sick. The adder bites you.
You are lethally poisoned!
The adder poisons you!
You hit the adder.
You kill the adder!
* * * LOW HITPOINT WARNING * * *
You feel very sick.
Your Stealth skill increases to level 5!
There is a lethal amount of poison in your body!
There is a lethal amount of poison in your body!
There is a lethal amount of poison in your body!
There is a lethal amount of poison in your body!
Okay, then.
As you read the scroll labelled QAFAAMO KOIF, it crumbles to dust.
It is a scroll of identify.
You don't have any unidentified items.
* * * LOW HITPOINT WARNING * * *
You feel sick.
Unknown command.
Unknown command.
Unknown command.
Welcome back, cbfl8 the Minotaur Delver.
Press ? for a list of commands and other information.
There is a lethal amount of poison in your body!
There is a lethal amount of poison in your body!
There is a lethal amount of poison in your body!
There is a lethal amount of poison in your body!
There is a lethal amount of poison in your body!
There is a lethal amount of poison in your body!
There is a lethal amount of poison in your body!
There is a lethal amount of poison in your body!
There is a lethal amount of poison in your body!
There is a lethal amount of poison in your body!
* * * LOW HITPOINT WARNING * * *
You feel sick.
* * * LOW HITPOINT WARNING * * *
You feel sick.
You die...

.♣
♣...♣♣♣
♣...♣♣♣
♣..♣♣
♣♣@>♣
♣♣♣♣


There were no monsters in sight!

Vanquished Creatures
  An orc priest (D:4)
  An adder (D:3)
  8 orcs (D:4)
  A kobold (D:4)
11 creatures vanquished.

Notes
Turn   | Place    | Note
-------+----------+-------------------------------------------
     0 | D:5      | cbfl8 the Minotaur Delver began the quest for the Orb.
     0 | D:5      | Reached XP level 1. HP: 19/19 MP: 0/0
    25 | D:5      | Noticed a jelly
    46 | D:5      | Noticed an orc priest
   197 | D:4      | Found a sparkling altar of Nemelex Xobeh.
   300 | D:4      | Reached XP level 2. HP: 19/27 MP: 1/1
   476 | D:4      | Got the Collected Works on Glacial Confrontation
   533 | D:4      | Reached XP level 3. HP: 16/33 MP: 2/2
   576 | D:3      | Reached skill level 5 in Stealth
   578 | D:3      | HP: 1/33 [poisoned by an adder]
   579 | D:3      | Succumbed to an adder's poison

Illustrated notes

Levels and vault maps discovered:
D:3:      kb_forest_paths, layout_basic, mainiacjoe_overflow_swirl
D:4:      layout_loops_cross, mainiacjoe_overflow_24_doors
D:5:      layout_gridville, chequers_temple_overflow_statue_of_worship,
          old_standard_altar, mrwooster_statue_mirror, uniq_sigmund

Skill      XL: |  1  2  3 |
---------------+----------+-----
Stealth        | 5 |  5.0
Fighting       | |  3.8
Axes           | |  2.8
Armour         | |  0.4
Dodging        | |  2.4

Action                   || total
-------------------------++-------
Melee: Hand axe          ||    25
       Headbutt          ||     6
  Use: Scroll            ||     1
Armor: Leather armour    ||     4
Dodge: Dodged            ||    16
